 Dungeon Crawl Stone Soup version 0.21.1-1-g345015f (webtiles) character file.

50550 vatarom the Devastator (level 14, -4/124 HPs)
             Began as a Red Draconian Conjurer on Apr 4, 2018.
             Was a High Priest of Vehumet.
             Slain by a tengu reaver
             ... wielding a +0 war axe
              (23 damage)
             ... on level 13 of the Dungeon.
             The game lasted 01:12:08 (28780 turns).

vatarom the Devastator (Red Draconian Conjurer)    Turns: 28780, Time: 01:12:09

Health: -4/124     AC: 12    Str: 11    XL:     14   Next: 20%
Magic:  5/38       EV: 17    Int: 21    God:    Vehumet [*****.]
Gold:   460        SH:  4    Dex: 16    Spells: 4/36 levels left

rFire    + + .     SeeInvis .   s - +10 hand axe of the Forsaken Ghosts {chop, Fragile +Blink rC+++ Int-2}
rCold    + + +     Gourm    .   (no shield)
rNeg     + . .     Faith    .   (armour unavailable)
rPois    +         Spirit   .   g - +2 hat {Int+3}
rElec    .         Reflect  +   I - scarf {repulsion}
rCorr    .         Harm     .   B - +1 pair of gloves "Neotah" {*Drain rF+ rN+ Dex+4}
MR       +....                  (no boots)
Stlth    ++........             x - +4 amulet of reflection
HPRegen  0.30/turn              q - ring of magical power
MPRegen  0.26/turn              m - ring of poison resistance

@: about to teleport, repel missiles
A: breathe fire, unfitting armour, fire resistance 1, cold-blooded, AC +8
a: Breathe Fire, Renounce Religion, Evoke Blink


You were on level 13 of the Dungeon.
You worshipped Vehumet.
Vehumet was extremely pleased with you.
You were not hungry.

You visited 3 branches of the dungeon, and saw 20 of its levels.

You collected 1530 gold pieces.
You spent 1070 gold pieces at shops.

Inventory:

Hand Weapons
 n - the +8 whip "Snakebite" {curare, rPois}
   (You found it on level 4 of the Lair of Beasts)

   It poisons the flesh of those it strikes.
   It protects you from poison.
 o - a +1 flail of protection
 s - the +10 hand axe of the Forsaken Ghosts (weapon) {chop, Fragile +Blink rC+++ Int-2}
   (You found it on level 8 of the Dungeon)

   It inflicts extra damage upon your enemies.
   It affects your intelligence (-2).
   It renders you almost immune to cold.
   It lets you blink.
   It will be destroyed if unequipped.
Armour
 g - a +2 hat of intelligence (worn)
 B - the +1 pair of gloves "Neotah" (worn) {*Drain rF+ rN+ Dex+4}
   (You found it on level 10 of the Dungeon)

   It affects your dexterity (+4).
   It protects you from fire.
   It protects you from negative energy.
   It causes draining when unequipped.
 I - a scarf of repulsion (worn)
Jewellery
 l - an uncursed ring of fire
 m - a ring of poison resistance (right hand)
 q - a ring of magical power (left hand)
 x - a +4 amulet of reflection (around neck)
Wands
 d - a wand of polymorph (2)
 i - a wand of disintegration (22)
 t - a wand of flame (9)
 v - a wand of iceblast (17)
 w - a wand of paralysis (16)
Scrolls
 h - 15 scrolls of remove curse
 r - 5 scrolls of enchant weapon
 y - 3 scrolls of identify
 C - 2 scrolls of amnesia
 F - a scroll of enchant armour
 G - a scroll of magic mapping
Potions
 a - a potion of ambrosia
 e - a potion of brilliance
 f - 4 potions of invisibility
 j - 5 potions of agility
 p - a potion of resistance
 u - 2 potions of curing
 A - a potion of might
 D - a potion of haste
 E - a potion of lignification
Books
 c - a book of Necromancy

   Spells                             Type                      Level
   a - Pain                           Necromancy                   1
   b - Animate Skeleton               Necromancy                   1
   c - Vampiric Draining              Necromancy                   3
   d - Regeneration                   Charms/Necromancy            3
   e - Animate Dead                   Necromancy                   4
   f - Borgnjor's Vile Clutch         Necromancy/Earth             5
 z - a book of Fire

   Spells                             Type                      Level
   a - Ignite Poison                  Fire/Transmutation/Poison    3
   b - Fireball                       Conjuration/Fire             5
   c - Bolt of Fire                   Conjuration/Fire             6
   d - Ring of Flames                 Charms/Fire                  7
   e - Ignition                       Fire                         8
Comestibles
 b - 15 rations


   Skills:
 - Level 11.2 Fighting
 - Level 7.1 Dodging
 - Level 1.7 Stealth
 + Level 11.5 Spellcasting
 + Level 15.2 Conjurations
 * Level 10.8 Fire Magic


You had 4 spell levels left.
You knew the following spells:

 Your Spells              Type           Power        Failure   Level  Hunger
a - Magic Dart            Conj           ####         0%          1    None
b - Searing Ray           Conj           ######       0%          2    None
c - Dazzling Spray        Conj/Hex       #####.       1%          3    None
d - Iskenderun's Mystic   Conj           ######..     1%          4    #......
e - Fulminant Prism       Conj/Hex       #####.....   1%          4    #......
f - Force Lance           Conj/Tloc      #####...     1%          4    #......
g - Mephitic Cloud        Conj/Pois/Air  ####....     1%          3    None
h - Inner Flame           Hex/Fire       ####....     1%          3    None
i - Regeneration          Chrm/Necr      ##........   17%         3    None
j - Fireball              Conj/Fire      ######....   1%          5    ####...


Dungeon Overview and Level Annotations

Branches:
Dungeon (13/15)            Temple (1/1) D:5            Lair (6/6) D:11
  Swamp (0/4) Lair:3       Spider (0/4) Lair:4        Slime (0/5) Lair:5
    Orc (0/2) D:10         Vaults (0/5) D:13

Altars:
Ashenzari
Cheibriados
Dithmenos
Elyvilon
Fedhas
Gozag
Hepliaklqana
Kikubaaqudgha
Makhleb
Nemelex Xobeh
Okawaru
Qazlal
Ru
Sif Muna
Trog
Uskayaw
Vehumet
Wu Jian
Xom
Yredelemnul
Zin
The Shining One
Jiyva

Shops:
D:6 :   D:8 %[:   D:9 [([%   D:10 [

Annotations:
Lair:5 1 runed door


Innate Abilities, Weirdness & Mutations

You can breathe blasts of fire.
Your fiery red scales are hard. (AC +8)
You cannot fit into any form of body armour.
Your flesh is heat resistant. (rF+)
You are cold-blooded and may be slowed by cold attacks.


Message History

Press: ? - help, Shift-Dir - straight line, f/p - tengu reaver
Aim: a tengu reaver, wielding a war axe, wearing a ring mail and wearing a shiny buckler (severely wounded, covered in acid)
The bolt of acid misses the tengu reaver.
The now-empty wand crumbles to dust.
The tengu reaver hits you with a war axe!
* * * LOW HITPOINT WARNING * * *
The tengu reaver pecks you but does no damage.
The tengu reaver claws you but does no damage.
Unknown command.
You feel better.
The tengu reaver hits you with a war axe!!
* * * LOW HITPOINT WARNING * * *
The tengu reaver pecks you.
* * * LOW HITPOINT WARNING * * *
The tengu reaver misses you.
A shadow comes into view.
As you read the scroll of teleportation, it crumbles to dust.
You feel strangely unstable.
The tengu reaver hits you with a war axe!!
You die...

# #..####.....#####.# # #..#
#####.# #.######## ....#
#.#####......... ###.##
#.##.........### .# #.#
#.##.######### # ..###.#
#.#)..## ...... #..)...#######
. ......###########).........#
..
#........W.)Q@.*...#######.###
... #....##.########### #...)
...###....#.## #####
......*Q..(..# ..p....#.....#
#.Q....##....# ##....(###..##
.......(....# ............#


You could see a tengu reaver, a shadow and a battlesphere.

Vanquished Creatures
  2 fire dragons (Lair:6)
  Fannar (Lair:3)
  6 vault guards (D:13)
  3 hydras
  6 two-headed ogres
  Sonja (Lair:3)
  2 unseen horrors
  A lindwurm (Lair:6)
  A swamp dragon (Lair:6)
  An orc knight (D:10)
  2 oklob plants (Lair:2)
  2 cyclopes (D:12)
  An ugly thing (D:10)
  3 elephants
  4 black mambas
  5 torpor snails
  A centaur skeleton (D:13)
  8 komodo dragons
  13 spiny frogs
  2 rime drakes (Lair:6)
  5 trolls
  8 hornets (Lair:6)
  4 tyrant leeches (Lair:6)
  4 slime creatures
  6 hippogriffs
  5 blink frogs (Lair:5)
  A meliai zombie (D:12)
  2 wyverns
  2 vampires (D:13)
  42 yaks
  A wraith (D:12)
  3 steam dragons (Lair:6)
  An acid dragon (D:12)
  8 water moccasins
  4 porcupines
  9 orc warriors
  A swamp drake (Lair:6)
  An eye of draining (D:10)
  9 ice beasts
  A sky beast (D:10)
  A necrophage (D:7)
  8 ogres
  2 phantoms
  A centaur (D:7)
  3 wolves (Lair:5)
  10 crocodiles
  4 big kobolds
  11 bullfrogs
  4 scorpions
  6 wights
  19 killer bees
  A howler monkey (D:5)
  A crimson imp (D:6)
  2 bullfrog zombies
  3 centaur zombies
  3 bullfrog skeletons
  8 hounds
  8 orc priests
  A jelly (D:8)
  10 orc wizards
  3 iguanas
  Natasha (thrice) (D:4)
  9 worker ants
  3 hound skeletons
  13 adders
  6 gnolls
  A howler monkey skeleton (D:8)
  3 shadow imps
  An ooze (D:1)
  2 adder skeletons
  A worm (D:5)
  4 dart slugs
  9 leopard geckos
  41 orcs
  7 bats
  A giant cockroach (D:2)
  4 goblins
  8 hobgoblins
  14 jackals
  4 quokkas
  2 ball pythons
  A frilled lizard (D:1)
  A jackal zombie (D:6)
  28 kobolds
  2 leopard gecko skeletons (D:4)
  8 rats
  A fungus (Lair:5)
  3 plants
471 creatures vanquished.

Vanquished Creatures (others)
  A basilisk (Lair:6)
  A swamp drake (Lair:6)
  A bush (Lair:4)
  83 fulminant prisms
  13 fungi
  20 plants
  12 toadstools (Lair:5)
131 creatures vanquished.

Grand Total: 602 creatures vanquished

Notes
Turn   | Place    | Note
-------+----------+-------------------------------------------
     0 | D:1      | vatarom the Draconian Conjurer began the quest for the Orb.
     0 | D:1      | Reached XP level 1. HP: 14/14 MP: 3/3
   446 | D:1      | Reached XP level 2. HP: 20/22 MP: 0/5
   458 | D:1      | Learned a level 2 spell: Searing Ray
   710 | D:2      | Reached skill level 1 in Fighting
  1122 | D:1      | Reached XP level 3. HP: 14/28 MP: 4/6
  1127 | D:1      | Learned a level 3 spell: Dazzling Spray
  1614 | D:2      | Reached XP level 4. HP: 34/36 MP: 2/7
  1762 | D:2      | Reached skill level 5 in Conjurations
  2284 | D:3      | Found a hazy altar of Hepliaklqana.
  3046 | D:4      | Reached XP level 5. HP: 42/42 MP: 5/9
  3681 | D:4      | Found a hide-covered altar of Uskayaw.
  3697 | D:4      | Reached XP level 6. HP: 44/51 MP: 5/11
  3740 | D:4      | Learned a level 4 spell: Iskenderun's Mystic Blast
  3754 | D:4      | Noticed Natasha
  3765 | D:4      | Killed Natasha
  3765 | D:4      | Reached skill level 6 in Conjurations
  4121 | D:4      | Noticed Natasha
  4132 | D:4      | Killed Natasha
  4334 | D:4      | Noticed Natasha
  4382 | D:4      | Killed Natasha
  4668 | D:4      | Your scales start taking on a fiery red colour.
  4668 | D:4      | Reached XP level 7. HP: 57/58 MP: 12/12
  4668 | D:4      | Gained mutation: Your flesh is heat resistant. (rF+) [Red Draconian growth]
  4783 | D:5      | Entered Level 5 of the Dungeon
  4832 | D:5      | Found a staircase to the Ecumenical Temple.
  4852 | Temple   | Entered the Ecumenical Temple
  4909 | Temple   | Became a worshipper of Vehumet
  5028 | D:5      | Reached skill level 7 in Conjurations
  5138 | D:5      | Learned a level 4 spell: Fulminant Prism
  6051 | D:6      | Found Ruaxtuc's Book Shoppe.
  6322 | D:6      | Reached XP level 8. HP: 47/67 MP: 9/14
  6726 | D:6      | Found a sacrificial altar of Ru.
  6934 | D:6      | Reached skill level 5 in Fighting
  7012 | D:7      | Reached skill level 8 in Conjurations
  7104 | D:7      | Reached skill level 5 in Spellcasting
  7241 | D:7      | Reached * piety under Vehumet
  7241 | D:7      | Offered knowledge of Freeze by Vehumet.
  8215 | D:6      | Reached skill level 9 in Conjurations
  8632 | D:7      | Reached XP level 9. HP: 72/75 MP: 17/17
  8638 | D:7      | Learned a level 4 spell: Force Lance
  8695 | D:7      | Noticed an eight-headed hydra
  9052 | D:8      | Found Girust's Armour Boutique.
  9056 | D:8      | Bought a +1 hat of intelligence for 160 gold pieces
  9250 | D:8      | Got a brightly glowing hand axe
  9251 | D:8      | Identified the +10 hand axe of the Forsaken Ghosts {chop, Fragile +Blink rC+++ Int-2} (You found it on level 8 of the Dungeon)
  9302 | D:8      | Noticed a two-headed ogre
  9312 | D:8      | Killed a two-headed ogre
  9312 | D:8      | Reached skill level 10 in Conjurations
  9604 | D:8      | Found Meimo's Book Emporium.
  9759 | D:8      | Found a snail-covered altar of Cheibriados.
  9766 | D:8      | Found a stormy altar of Qazlal.
  9775 | D:8      | Found a glowing silver altar of Zin.
  9780 | D:8      | Found an ornate altar of the Wu Jian Council.
  9791 | D:8      | Found a sparkling altar of Nemelex Xobeh.
  9798 | D:8      | Found a basalt altar of Yredelemnul.
  9803 | D:8      | Found a hide-covered altar of Uskayaw.
  9921 | D:8      | Reached ** piety under Vehumet
  9930 | D:8      | Offered knowledge of Sandblast by Vehumet.
 10050 | D:8      | Found Egid's Food Emporium.
 10205 | D:9      | Noticed a two-headed ogre
 10211 | D:9      | Killed a two-headed ogre
 10211 | D:9      | Reached skill level 11 in Conjurations
 10211 | D:9      | Reached XP level 10. HP: 88/88 MP: 3/20
 10824 | D:9      | Found Cywaofao's Armour Boutique.
 10907 | D:9      | Found Zisedato's Food Boutique.
 11075 | D:9      | Found Viyclu's Weapon Shoppe.
 11093 | D:9      | Found Mucve's Armour Shoppe.
 11388 | D:10     | Entered Level 10 of the Dungeon
 11504 | D:10     | Got a pair of spiked gloves
 11510 | D:10     | Identified the +1 pair of gloves "Neotah" {*Drain rF+ rN+ Dex+4} (You found it on level 10 of the Dungeon)
 11676 | D:10     | Reached skill level 12 in Conjurations
 11923 | D:10     | Offered knowledge of Static Discharge by Vehumet.
 12171 | D:10     | Noticed an orc knight
 12185 | D:10     | Killed an orc knight
 12233 | D:10     | Found Dicaliej's Armour Shop.
 12234 | D:10     | Found a staircase to the Orcish Mines.
 12244 | D:10     | Reached *** piety under Vehumet
 12331 | D:10     | Reached XP level 11. HP: 88/97 MP: 20/23
 12789 | D:7      | Killed an eight-headed hydra
 13011 | D:7      | Found a glowing golden altar of the Shining One.
 13057 | D:7      | Found a burning altar of Makhleb.
 13345 | D:11     | Noticed a white ugly thing
 13596 | D:10     | Offered knowledge of Mephitic Cloud by Vehumet.
 13604 | D:10     | Learned a level 3 spell: Mephitic Cloud
 13879 | D:11     | Killed an unseen horror
 14131 | D:10     | Killed a white ugly thing
 14207 | D:11     | Reached skill level 13 in Conjurations
 14429 | D:11     | Reached **** piety under Vehumet
 14488 | D:11     | Noticed a two-headed ogre
 14501 | D:11     | Killed a two-headed ogre
 14501 | D:11     | Reached skill level 10 in Fighting
 14566 | D:11     | Found a staircase to the Lair.
 14575 | Lair:1   | Entered Level 1 of the Lair of Beasts
 14803 | Lair:1   | Offered knowledge of Inner Flame by Vehumet.
 14808 | Lair:1   | Learned a level 3 spell: Inner Flame
 14935 | Lair:1   | Reached skill level 1 in Fire Magic
 15558 | Lair:1   | Learned a level 3 spell: Regeneration
 16879 | Lair:2   | Noticed an oklob plant
 16879 | Lair:2   | Noticed an oklob plant
 16897 | Lair:2   | Killed an oklob plant
 16962 | Lair:2   | Killed an oklob plant
 17194 | Lair:3   | Noticed a six-headed hydra
 17201 | Lair:3   | Killed a six-headed hydra
 17201 | Lair:3   | Reached XP level 12. HP: 108/108 MP: 2/25
 17415 | Lair:3   | Found a staircase to the Swamp.
 17455 | Lair:3   | Noticed Fannar
 17472 | Lair:3   | Killed Fannar
 17472 | Lair:3   | Reached skill level 5 in Fire Magic
 17476 | Lair:3   | Noticed Sonja
 17484 | Lair:3   | Killed Sonja
 18282 | Lair:3   | You fall through a shaft!
 19200 | Lair:4   | Found a hole to the Spider Nest.
 19921 | Lair:4   | Reached skill level 14 in Conjurations
 20242 | Lair:4   | Found the +8 whip "Snakebite" {curare, rPois}
 20411 | Lair:5   | Found a staircase to the Slime Pits.
 20412 | Lair:5   | Found a viscous altar of Jiyva.
 20461 | Lair:5   | Found a stormy altar of Qazlal.
 20500 | Lair:5   | Reached skill level 10 in Spellcasting
 20662 | Lair:5   | Reached ***** piety under Vehumet
 21014 | Lair:5   | Offered knowledge of Bolt of Draining by Vehumet.
 21577 | Lair:5   | Found a runed door.
 21893 | Lair:6   | Entered Level 6 of the Lair of Beasts
 21900 | Lair:6   | Reached XP level 13. HP: 105/116 MP: 27/27
 22445 | Lair:6   | Reached skill level 5 in Dodging
 23896 | Lair:6   | Noticed a fire dragon
 24935 | Lair:6   | Killed a fire dragon
 25186 | Lair:6   | Found a runed door.
 25225 | Lair:6   | Paralysed by a hornet for 2 turns
 25229 | Lair:6   | Paralysed by a hornet for 3 turns
 25620 | Lair:6   | Noticed a fire dragon
 25627 | Lair:6   | Killed a fire dragon
 25950 | D:6      | Bought a book of Fire for 910 gold pieces
 25956 | D:6      | Learned a level 5 spell: Fireball
 26575 | D:12     | Reached skill level 15 in Conjurations
 26685 | D:12     | Offered knowledge of Conjure Ball Lightning by Vehumet.
 27555 | D:13     | Reached skill level 10 in Fire Magic
 27620 | D:13     | Reached XP level 14. HP: 73/124 MP: 6/29
 28702 | D:13     | Found a gate to the Vaults.
 28752 | D:13     | Noticed a tengu reaver
 28780 | D:13     | Slain by a tengu reaver

Skill      XL: |  1  2  3  4  5  6  7  8  9 10 11 12 13 |
---------------+----------------------------------------+-----
Fighting       | 1 2 3 4 6 7 9 10 11 | 11.2
Conjurations   | 5 6 7 9 11 12 13 14 15 | 15.2
Spellcasting   | 3 4 5 6 8 9 10 11 | 11.5
Fire Magic     | 4 8 10 | 10.8
Dodging        | 4 7 |  7.1
Stealth        | |  1.7

Action                   |  1- 3 |  4- 6 |  7- 9 | 10-12 | 13-15 || total
-------------------------+-------+-------+-------+-------+-------++-------
Melee: Unarmed           |    19 |     6 |       |       |       ||    25
       Whip              |    37 |    90 |   136 |       |       ||   263
       Tailslap          |     6 |     8 |    17 |    23 |    26 ||    80
       Flail             |       |       |    69 |       |       ||    69
       Hand axe          |       |       |    29 |   209 |   171 ||   409
 Cast: Magic Dart        |    44 |    50 |    19 |    23 |    21 ||   157
       Searing Ray       |     5 |    17 |    32 |     5 |       ||    59
       Dazzling Spray    |       |       |    22 |    28 |    17 ||    67
       Iskenderun's Myst |       |       |    10 |   101 |   126 ||   237
       Fulminant Prism   |       |       |     2 |    68 |    13 ||    83
       Force Lance       |       |       |     4 |    76 |    78 ||   158
       Inner Flame       |       |       |       |     1 |       ||     1
       Mephitic Cloud    |       |       |       |     1 |     4 ||     5
       Regeneration      |       |       |       |     1 |       ||     1
       Fireball          |       |       |       |       |    38 ||    38
 Abil: Breathe Fire      |       |       |    14 |    15 |     9 ||    38
Evoke: Wand              |       |     1 |     1 |    36 |    19 ||    57
  Use: Scroll            |     5 |     4 |     8 |    13 |     3 ||    33
       Potion            |       |     6 |       |     4 |    12 ||    22
 Stab: Sleeping          |       |     1 |     6 |     2 |     2 ||    11
       Distracted        |       |     1 |       |       |       ||     1
       Invisible         |       |       |     1 |     5 |     4 ||    10
       Paralysed         |       |       |       |     7 |       ||     7
  Eat: Chunk             |     3 |    10 |    14 |    11 |    16 ||    54
       Ration            |       |       |     3 |    14 |     5 ||    22
Armor: Skin              |    22 |    47 |   136 |   146 |   109 ||   460
Dodge: Dodged            |    55 |   107 |   224 |   266 |   255 ||   907
       Deflected         |       |       |       |       |     3 ||     3
Block: Other             |       |       |       |    67 |    74 ||   141
       Reflection        |       |       |       |     2 |       ||     2
